 Dungeon Crawl Stone Soup version 0.27.1-33-g824d729ab1 (webtiles) character file.

Game seed: 1113226629534464018

943 zeram the Blocker (level 8, 0/52 HPs)
             Began as an Octopode Fighter on Dec 25, 2021.
             Slain by an acid dragon (1 damage)
             ... on level 6 of the Dungeon.
             The game lasted 00:06:29 (6205 turns).

zeram the Blocker (Octopode Fighter)                Turns: 6205, Time: 00:06:30

Health: 0/52       AC: -3    Str: 16    XL:     8   Next: 12%
Magic:  8/8        EV: 12    Int: 16    God:
Gold:   1213       SH: 12    Dex: 11    Spells: 7/7 levels left

rFire    . . .     SeeInvis .   a - +0 rapier
rCold    . . .     Faith    .   b - +1 kite shield
rNeg     . . .     Spirit   .   (helmet restricted)
rPois    .         Reflect  .   (no amulet)
rElec    +         Harm     .   i - ring of Ytupolee {rElec AC+4 Int+4}
rCorr    .         Rampage  .   (no ring)
Will     .....                  (no ring)
Stlth    ++........             (no ring)
HPRegen  0.17/turn              (no ring)
MPRegen  0.11/turn              (no ring)
                                (no ring)
                                (no ring)

@: corroded
A: almost no armour, amphibious, 8 rings, camouflage 1, gelatinous body 1,
(nimble swimmer 1), tentacles
a: no special abilities


You were on level 6 of the Dungeon.
You visited 1 branch of the dungeon, and saw 6 of its levels.

You collected 1213 gold pieces.

Inventory:

Hand Weapons
 a - a +0 rapier (weapon)
Armour
 b - a +1 kite shield (worn)
Jewellery
 i - the ring of Ytupolee (left tentacle) {rElec AC+4 Int+4}
   (You acquired it on level 5 of the Dungeon)

   [ring of protection]

   AC:        It affects your AC (+4).
   Int:       It affects your intelligence (+4).
   rElec:     It insulates you from electricity.
Wands
 j - a wand of flame (15)
 n - a wand of polymorph (2)
Scrolls
 h - a scroll of teleportation {unknown}
 l - a scroll of enchant weapon {unknown}
Potions
 c - a potion of haste {unknown}
 d - 2 potions of mutation
 e - a potion of ambrosia
 f - a potion of heal wounds
 g - a potion of invisibility {unknown}
 k - a potion of brilliance {unknown}
 m - 3 potions of curing {unknown}


   Skills:
 - Level 3.0 Fighting
 - Level 2.0 Short Blades
 - Level 3.0 Dodging
 + Level 9.6 Shields


You had 7 spell levels left.
You didn't know any spells.
Your spell library contained the following spells:

 Spells                   Type           Power      Damage    Failure   Level
 Slow                     Hex            0%         N/A       58%         2
 Confusing Touch          Hex            0%         N/A       83%         3
 Stone Arrow              Conj/Erth      0%         3d7       83%         3
 Tukima's Dance           Hex            0%         N/A       83%         3
 Passage of Golubria      Tloc           N/A        N/A       99%         4
 Bolt of Magma            Conj/Fire/Erth 0%         4d4       100%        5
 Yara's Violent Unravell  Hex/Tmut       0%         3d3       100%        5
 Shatter                  Erth           0%         3d5*      100%        9


Dungeon Overview and Level Annotations

Branches:
Dungeon (6/15)
 Temple: D:4-7

Altars:
Fedhas


Innate Abilities, Weirdness & Mutations

You cannot wear most types of armour.
You are amphibious.
You can wear up to eight rings at the same time.
Your skin changes colour to match your surroundings (Stealth+).
Your rubbery body absorbs attacks. (AC +1, EV +1)
((You are camouflaged near water. (Stealth+)))
You have tentacles for arms and can constrict up to eight enemies at once.


Message History

You block the acid dragon's attack. x2
You hit the acid dragon but do no damage.
The acid dragon is severely wounded.
The acid dragon barely misses you. The acid dragon claws you.
You hit the acid dragon.
The acid dragon is severely wounded.
You block the acid dragon's attack. The acid dragon barely misses you.
You closely miss the acid dragon.
The acid dragon is severely wounded.
You block the acid dragon's attack. The acid dragon claws you.
You hit the acid dragon but do no damage.
You squeeze the acid dragon, but do no damage.
The acid dragon is severely wounded.
The acid dragon spits acid at you. The splash of acid hits you.
* * * LOW HITPOINT WARNING * * *
You are splashed with acid!
* * * LOW HITPOINT WARNING * * *
You feel much better. The acid dragon bites you!
* * * LOW HITPOINT WARNING * * *
The acid dragon claws you.
* * * LOW HITPOINT WARNING * * *
You feel much better. The acid dragon completely misses you.
The acid dragon claws you.
You hit the acid dragon but do no damage.
The acid dragon is severely wounded.
The acid dragon bites you. You block the acid dragon's attack. x2
The acid dragon claws you.
You closely miss the acid dragon.
The acid dragon is severely wounded.
You block the acid dragon's attack. The acid dragon claws you.
You hit the acid dragon.
The acid dragon is almost dead.
The acid dragon spits acid at you. The splash of acid hits you!
The acid corrodes you!
You are splashed with acid!
* * * LOW HITPOINT WARNING * * *
You hit the acid dragon but do no damage.
The acid dragon is almost dead.
The acid dragon bites you.
You die...

.# .. #. ##.##
.... ..# #D#
#@# #.## #
####..##.#...
+............
#####.##.###
.. +......#.#
....###.#..#.#
...........#.#
##+####.#..#.#


You could see an acid dragon (catching breath).

Vanquished Creatures
  Eustachio (D:4)
  A necrophage (D:2)
  A wolf (D:5)
  A scorpion (D:4)
  A water moccasin skeleton (D:4)
  2 hounds
  A jelly (D:5)
  An orc priest (D:5)
  A centaur skeleton (D:6)
  A gnoll shaman (D:5)
  An iguana (D:4)
  A scorpion zombie (D:5)
  2 hound skeletons (D:4)
  7 gnolls
  9 adders
  3 dart slugs
  A worm (D:2)
  23 orcs
  3 endoplasms
  2 giant cockroaches
  6 goblins
  10 hobgoblins
  6 quokkas
  6 ball pythons
  6 bats
  5 frilled lizards
  8 kobolds
  5 rats
115 creatures vanquished.

Notes
Turn   | Place    | Note
-------+----------+-------------------------------------------
     0 | D:1      | zeram the Octopode Fighter began the quest for the Orb.
     0 | D:1      | Reached XP level 1. HP: 16/16 MP: 1/1
   229 | D:1      | Reached XP level 2. HP: 20/21 MP: 2/2
   412 | D:1      | Reached skill level 4 in Shields
   521 | D:1      | Reached XP level 3. HP: 26/26 MP: 3/3
  1018 | D:2      | Found a faded altar of an unknown god.
  1087 | D:2      | Reached XP level 4. HP: 23/31 MP: 4/4
  1097 | D:2      | Reached skill level 5 in Shields
  1254 | D:2      | Noticed a necrophage
  1263 | D:2      | Killed a necrophage
  1264 | D:2      | Reached skill level 6 in Shields
  1264 | D:2      | Reached XP level 5. HP: 23/36 MP: 5/5
  1989 | D:3      | Reached XP level 6. HP: 24/42 MP: 6/6
  2480 | D:3      | Identified a scroll of acquirement
  2480 | D:3      | Acquired 920 gold pieces
  3096 | D:4      | Noticed Eustachio
  3109 | D:4      | Killed Eustachio
  3110 | D:4      | Reached skill level 7 in Shields
  3440 | D:4      | Reached XP level 7. HP: 46/46 MP: 7/7
  3483 | D:4      | Reached skill level 8 in Shields
  4080 | D:5      | Entered Level 5 of the Dungeon
  4081 | D:5      | Acquired the ring of Ytupolee {rElec AC+4 Int+4}
  4403 | D:5      | Noticed Sigmund
  4407 | D:5      | Noticed Sigmund
  4407 | D:5      | Sigmund changed into Sigmund the wolf
  4412 | D:5      | Killed Sigmund the wolf
  4413 | D:5      | Reached skill level 9 in Shields
  4836 | D:5      | Reached XP level 8. HP: 48/52 MP: 8/8
  6008 | D:6      | Found a blossoming altar of Fedhas.
  6199 | D:6      | HP: 2/52 [acid (13)]
  6204 | D:6      | HP: 1/52 [acid (16)]
  6205 | D:6      | Slain by an acid dragon

Illustrated notes

Levels and vault maps discovered:
D:1:      minmay_arrival_glassed_features, layout_basic
D:2:      layout_basic, dreamdust_ecumenical_altar_statues
D:3:      layout_loops_ring
D:4:      layout_gridville, serial_park_tiny_1, st_stairs_2,
          kennysheep_small_square, uniq_eustachio
D:5:      layout_layer_cave, uniq_sigmund
D:6:      layout_basic, nicolae_overflow_crystal_walls, minmay_fountain_box,
          minmay_misc_feat_nine_boxes, uniq_edmund

Skill      XL: |  1  2  3  4  5  6  7 |
---------------+----------------------+-----
Shields        | 4 6 7 9 |  9.6
Fighting       | |  3.0
Short Blades   | |  2.0
Dodging        | |  3.0

Action                   |  1- 3 |  4- 6 |  7- 9 || total
-------------------------+-------+-------+-------++-------
Melee: Rapier            |    58 |   115 |   121 ||   294
       Constrict         |    15 |    31 |    27 ||    73
       Tentacles         |     8 |    16 |    31 ||    55
Evoke: Wand              |       |       |     1 ||     1
  Use: Scroll            |     1 |     6 |     3 ||    10
       Potion            |       |     2 |     2 ||     4
 Stab: Sleeping          |     7 |     4 |     1 ||    12
Armor: Skin              |     2 |     5 |    15 ||    22
Dodge: Dodged            |    37 |    46 |    55 ||   138
Block: Kite shield       |    16 |    45 |    77 ||   138
